 Dungeon Crawl Stone Soup version 0.28-a0-706-gf6f64a616a (webtiles) character file.

Game seed: 10958372977811976485

6316 lawman0 the Conjurer (level 10, -3/109 HPs)
             Began as a Demonspawn Hedge Wizard on Oct 24, 2021.
             Was a Follower of Vehumet.
             Killed by vampiric draining
             ... invoked by a vampire
              (14 damage)
             ... on level 10 of the Dungeon.
             The game lasted 00:26:34 (12843 turns).

lawman0 the Conjurer (Demonspawn Hedge Wizard)     Turns: 12843, Time: 00:26:35

Health: -3/109     AC: 25    Str:  7 (10) XL:     10   Next: 64%
Magic:  20/20      EV:  2    Int: 17 (19) God:    Vehumet [*.....]
Gold:   1323       SH:  0    Dex: 12 (13) Spells: 8/23 levels left

rFire   . . .      SeeInvis .   r - +2 spear (venom)
rCold   . . .      Faith    .   (no shield)
rNeg    . . .      Spirit   .   (armour currently unavailable)
rPois   +          Reflect  .   (helmet currently unavailable)
rElec   .          Harm     .   (cloak currently unavailable)
rCorr   .          Rampage  .   (gloves currently unavailable)
Will    .....      NoTele   +   (boots currently unavailable)
Stlth   ++........              (no amulet)
HPRegen 0.28/turn               g - ring of flight
MPRegen 0.34/turn               (no ring)

@: tree-form
A: stationary, stasis, torment immunity, boosted hp, (horns 1), rugged brown
scales 2, powered by pain 1, magic regeneration
a: Renounce Religion


You were on level 10 of the Dungeon.
You worshipped Vehumet.
Vehumet was aware of your devotion.
You were a tree.
You visited 2 branches of the dungeon, and saw 11 of its levels.
You also visited: Sewer.

You collected 1323 gold pieces.

Inventory:

Hand Weapons
 r - a +2 spear of venom (weapon)
Missiles
 h - 41 poisoned darts (quivered)
 k - 2 boomerangs of dispersal
 y - a throwing net
Armour
 a - +0 steam dragon scales (melded)
 b - a +0 pair of boots (melded)
 c - a +0 hat (melded)
 p - a +0 pair of gloves (melded)
Jewellery
 g - a ring of flight (left branch)
Wands
 u - a wand of polymorph (12)
 x - a wand of mindburst (15)
Scrolls
 d - a scroll of torment
 e - 2 scrolls of enchant armour {unknown}
 f - 2 scrolls of fog
 j - a scroll of enchant weapon
 l - a scroll of blinking
 o - 3 scrolls of vulnerability
 q - 3 scrolls of teleportation
 t - a scroll of brand weapon {unknown}
Potions
 i - a potion of magic
 n - a potion of heal wounds
 v - a potion of brilliance


   Skills:
 + Level 3.0 Fighting
 - Level 0.5 Throwing
 + Level 2.4 Armour
 + Level 3.8 Dodging
 + Level 3.6 Stealth
 + Level 7.0 Spellcasting
 * Level 7.3 Conjurations
 + Level 0.3 Hexes
 + Level 2.8 Summonings
 * Level 5.5 Translocations
 * Level 4.9 Air Magic
 * Level 5.9 Poison Magic
 + Level 1.0 Evocations


You had 8 spell levels left.
You knew the following spells:

 Your Spells              Type           Power      Damage    Failure   Level
a - Magic Dart            Conj           100%       1d8       1%          1
b - Call Imp              Summ           15%        N/A       5%          2
c - Blink                 Tloc           48%        N/A       1%          2
d - Slow                  Hex            7%         N/A       16%         2
e - Mephitic Cloud        Conj/Pois/Air  26%        N/A       3%          3
f - Swiftness             Air            22%        N/A       4%          3
g - Passwall              Tmut/Erth      4%         N/A       17%         2

Your spell library contained the following spells:

 Spells                   Type           Power      Damage    Failure   Level
 Shock                    Conj/Air       100%       1d9       1%          1
 Conjure Flame            Conj/Fire      18%        6-21      8%          3
 Freeze                   Ice            20%        1d4       12%         1
 Hailstorm                Conj/Ice       18%        3d6       26%         4
 Manifold Assault         Tloc           24%        N/A       32%         5
 Frozen Ramparts          Ice            10%        1d3       34%         3
 Invisibility             Hex            3%         N/A       100%        6
 Storm Form               Tmut/Air       7%         N/A       100%        7


Dungeon Overview and Level Annotations

Branches:
Dungeon (10/15)            Temple (1/1) D:7           Sewer (visited)
   Lair: D:8-11         Orc: D:9-12

Altars:
Ashenzari
Cheibriados
Dithmenos
Elyvilon
Fedhas
Gozag
Hepliaklqana
Kikubaaqudgha
Makhleb
Nemelex Xobeh
Okawaru
Qazlal
Ru
Sif Muna
Trog
Uskayaw
Vehumet
Wu Jian
Xom
Yredelemnul
Zin
The Shining One

Annotations:
D:6 Dowan, Duvessa, Maggie
D:9 3 runed translucent doors, Maimakterion's ghost, novice DsCK
D:10 exclusion: vampire


Innate Abilities, Weirdness & Mutations

You are a tree.
Your roots penetrate the ground, keeping you stationary.
You cannot be teleported.
You are immune to unholy pain and torment.
Your maximum health is greatly increased.
Your equipment is partially melded.
((You have a pair of small horns on your head.))
(You are mostly covered in rugged brown scales. (AC +2, +5% HP))
You sometimes gain a little power by taking damage.
You regenerate magic rapidly.


Message History

Your crimson imp hits something but does no damage.
Something hits you.
* * * LOW HITPOINT WARNING * * *
Something bites you but does no damage.
You completely miss something.
Your crimson imp barely misses something.
Something hits you.
* * * LOW HITPOINT WARNING * * *
Something bites you but does no damage.
You miss something.
You feel less confused.
Your crimson imp hits something but does no damage.
Something hits you!
* * * LOW HITPOINT WARNING * * *
You focus on the pain.
You feel your power returning. Something bites you but does no damage.
Casting: Call Imp (safe; 4% risk of failure)
Confirm with . or Enter, or press ? or * to list all spells.
Okay, then.
It was a potion of degeneration.
There was something very wrong with that liquid.
You feel weakened.
You feel dopey.
You feel clumsy.
Your crimson imp barely misses something.
Something completely misses you. x2
You cannot move.
Unknown command.
You closely miss something.
Your crimson imp barely misses something.
Something hits you but does no damage. Something bites you but does no damage.
You hit something but do no damage.
Your crimson imp completely misses something.
Something hits you.
* * * LOW HITPOINT WARNING * * *
Something bites you but does no damage.
You closely miss something.
Your crimson imp hits something but does no damage.
Something hits you but does no damage. Something bites you but does no damage.
Your crimson imp misses something.
You hit something but do no damage. Something draws life force from you!
You die...

.# ..........# #...#
.# .............#
#...# .#
.............# #...#
.# .............#
#)..# .#
.............# #...#
.#
.............####...#
.#
.......)............#
.#
........).).........#
.#
>........5{♣.####...#
.# ..>....#####.#
#...# .# ....... #.#
#...# .# ....... #†#
#...# .# ....... #)#
#..)# .# ..c..l. #.#
#...# .# ....... #.#
#...# ..V.........
#.# #...# ........
#.# #...#


You could see a friendly crimson imp (summoned).

Vanquished Creatures
  Harold (D:9)
  Pikel (D:9)
  Joseph (D:7)
  A hornet (D:9)
  Prince Ribbit (D:8)
  2 wyverns
  8 yaks
  2 steam dragons
  An acid dragon (D:10)
  A water moccasin (D:7)
  2 orc warriors
  An ice beast (D:3)
  A sky beast (D:6)
  2 black bears (D:6)
  A necrophage (D:4)
  5 centaurs
  A bullfrog (D:8)
  4 kobold brigands
  A gnoll sergeant (D:10)
  2 killer bees (D:8)
  2 howler monkeys (D:7)
  2 centaur zombies
  A bullfrog skeleton (D:6)
  An orc priest (D:7)
  3 orc wizards
  A killer bee zombie (D:6)
  Robin (D:4)
  5 gnolls (D:10)
  9 adders
  A river rat (D:3)
  2 shadow imps
  2 white imps
  2 ufetubi (D:4)
  5 dart slugs
  13 orcs
  17 ball pythons
  10 endoplasms
  6 giant cockroaches
  13 goblins
  11 hobgoblins
  3 jackals (D:4)
  24 kobolds
  7 quokkas
  11 bats
  13 frilled lizards (Sewer)
  9 rats
213 creatures vanquished.

Vanquished Creatures (collateral kills)
  A yak (D:9)
  An orc warrior (D:6)
  A bullfrog (Sewer)
  A scorpion (D:6)
  A killer bee (D:8)
  A howler monkey (D:7)
  An orc wizard (D:7)
  A worm (D:4)
  6 orcs
  2 endoplasms (D:3)
  A giant cockroach (D:3)
  2 goblins (D:4)
  2 hobgoblins (D:3)
  2 jackals (D:4)
23 creatures vanquished.

Vanquished Creatures (others)
  6 demonic plants (D:3)
  5 fungi (D:3)
  2 plants (D:3)
  A withered plant (D:3)
14 creatures vanquished.

Grand Total: 250 creatures vanquished

Notes
Turn   | Place    | Note
-------+----------+-------------------------------------------
     0 | D:1      | lawman0 the Demonspawn Hedge Wizard began the quest for the
                  | Orb.
     0 | D:1      | Reached XP level 1. HP: 13/13 MP: 4/4
   377 | D:1      | Gained mutation: You are partially covered in rugged brown
                  | scales. (AC +1, +3% HP) [demonic ancestry]
   377 | D:1      | Reached XP level 2. HP: 6/19 MP: 0/6
   571 | D:1      | Learned a level 2 spell: Call Imp
   574 | D:1      | Learned a level 2 spell: Blink
   577 | D:1      | Learned a level 2 spell: Slow
  1614 | D:2      | Gained mutation: You sometimes gain a little power by
                  | taking damage. [demonic ancestry]
  1614 | D:2      | Reached XP level 3. HP: 24/24 MP: 0/8
  2713 | D:3      | Noticed an ice beast
  2794 | D:3      | Reached skill level 1 in Translocations
  2864 | D:3      | Gained mutation: You regenerate magic rapidly. [demonic
                  | ancestry]
  2864 | D:3      | Reached XP level 4. HP: 13/30 MP: 3/10
  2908 | D:3      | Found a glowing drain.
  2912 | Sewer    | Entered a sewer
  3115 | Sewer    | Learned a level 3 spell: Mephitic Cloud
  3518 | Sewer    | Gained mutation: You have a pair of small horns on your
                  | head. [demonic ancestry]
  3518 | Sewer    | Reached XP level 5. HP: 36/36 MP: 6/11
  3597 | Sewer    | Reached skill level 1 in Air Magic
  4060 | D:3      | Reached skill level 1 in Poison Magic
  4116 | D:3      | Identified the +1 leather armour "Roawn" {Rampage}
  4332 | D:3      | Found a faded altar of an unknown god.
  4387 | D:3      | Killed an ice beast
  4388 | D:3      | Gained mutation: You are mostly covered in rugged brown
                  | scales. (AC +2, +5% HP) [demonic ancestry]
  4388 | D:3      | Reached XP level 6. HP: 23/43 MP: 9/12
  5556 | D:4      | Noticed Robin
  5611 | D:4      | Killed Robin
  5707 | D:4      | Reached XP level 7. HP: 48/49 MP: 14/14
  5873 | D:5      | Entered Level 5 of the Dungeon
  5887 | D:5      | Learned a level 3 spell: Swiftness
  6183 | D:6      | Reached skill level 1 in Armour
  6378 | D:6      | Noticed Maggie
  6413 | D:6      | Reached skill level 5 in Spellcasting
  6651 | D:6      | Noticed Dowan
  6651 | D:6      | Noticed Duvessa
  7160 | D:6      | Reached XP level 8. HP: 37/55 MP: 7/16
  7658 | D:6      | Identified a scroll of acquirement
  7659 | D:6      | Acquired 809 gold pieces
  7700 | D:7      | Reached skill level 5 in Conjurations
  7703 | D:7      | Learned a level 2 spell: Passwall
  7898 | D:7      | Reached skill level 1 in Fighting
  8089 | D:7      | Found a staircase to the Ecumenical Temple.
  8098 | Temple   | Entered the Ecumenical Temple
  8423 | Temple   | Became a worshipper of Vehumet
  8424 | Temple   | nuke me daddy
  8549 | D:7      | Noticed Joseph
  8563 | D:7      | HP: 2/87 [Joseph (14)]
  8576 | D:7      | Killed Joseph
  8577 | D:7      | Reached XP level 9. HP: 20/64 MP: 15/17
 10002 | D:8      | Noticed Prince Ribbit
 10011 | D:8      | Killed Prince Ribbit
 10180 | D:8      | Found a bloodstained altar of Trog.
 10317 | D:8      | Reached * piety under Vehumet
 10317 | D:8      | Offered knowledge of Shock by Vehumet.
 10850 | D:9      | Reached skill level 5 in Poison Magic
 10890 | D:9      | Reached XP level 10. HP: 34/71 MP: 16/19
 11134 | D:9      | Noticed Pikel
 11148 | D:9      | Killed Pikel
 11220 | D:9      | Noticed a two-headed ogre
 11257 | D:9      | owned
 11957 | D:9      | You are sucked into a shaft and drop 1 floor!
 11957 | D:10     | Entered Level 10 of the Dungeon
 12070 | D:9      | Found a runed translucent gate.
 12070 | D:9      | Found a runed translucent gate.
 12071 | D:9      | Found a runed translucent gate.
 12071 | D:9      | Noticed a spectral centaur warrior
 12072 | D:9      | Noticed a spectral centaur warrior
 12072 | D:9      | Noticed Maimakterion's ghost (novice DsCK)
 12072 | D:9      | Noticed a spectral centaur warrior
 12178 | D:9      | Noticed Harold
 12205 | D:9      | Killed Harold
 12206 | D:9      | Reached skill level 5 in Translocations
 12522 | D:10     | Reached skill level 1 in Evocations
 12843 | D:10     | Killed from afar by a vampire

Illustrated notes

#####≈≈≈≈≈≈≈≈≈........#....#.....
#####≈≈≈≈≈≈≈≈.........#._.#....##
#####≈≈≈≈≈≈≈≈≈._.....#....#..##..
#####≈≈≈≈≈≈≈≈........#.....##....
#####≈≈≈≈≈≈≈≈.......#....##..#._.
##≈≈≈≈≈≈≈≈....##.#..##....#...
##≈≈≈≈≈≈≈≈..##..#.##.....#....
##≈≈≈≈≈≈≈≈##....#....._..#....
##≈≈≈≈≈≈≈≈...@.#........#.....
##≈≈≈≈≈≈≈≈≈....#...≈≈...#...≈.
##≈≈≈≈≈≈≈≈≈≈≈≈≈≈≈≈≈≈≈≈≈≈≈≈≈≈≈≈
##≈≈≈≈≈≈≈≈≈≈≈≈≈≈≈≈≈≈≈≈≈≈≈≈≈≈≈≈
##≈≈≈≈≈≈≈≈≈≈≈≈≈≈≈≈≈≈≈≈≈≈≈≈≈≈≈≈
##≈≈≈≈≈≈≈≈≈≈≈≈≈≈≈≈≈≈≈≈≈≈≈≈≈≈≈≈
##≈≈≈≈≈≈≈≈≈≈≈≈≈≈≈≈≈≈≈≈≈≈≈≈≈≈≈≈
##≈≈≈≈≈≈≈≈≈≈≈≈≈≈≈≈≈≈≈≈≈≈≈≈≈≈≈≈
##≈≈≈≈≈≈≈≈≈≈≈≈≈≈≈≈≈≈≈≈≈≈≈≈≈≈≈≈


Turn 8424 on Temple: nuke me daddy ##.........#[# #.# #. ........####)#####.# #.
#####...# #.##....# ##########. #...# #.#.....# #.......... #..## #.......#
#.######### #..# ###.....# #.# .#####.(### ##....# #.# .....)....# ##.#.# #.#
.####>..#.######@...###.######### ##..#........#...............
#..########...######.....##. #..## ##### #####.##. #...### #.##. #.....# #.##.
#...#.# #.##. #.###.# #.##. #.# #.# #.##. Turn 11257 on D:9: owned

Levels and vault maps discovered:
D:1:      giann_forest_graveyard, layout_rooms, minmay_bisected
D:2:      layout_loops_cross
D:3:      minmay_octagon_keep, layout_loops_ring, gup_sewer_entry_spiral,
          shapermc_ecumenical_altar_gd
D:4:      kennysheep_goblin_castle, layout_basic
D:5:      layout_loops_ring
D:6:      layout_loops_cross, bh_walls_and_bars, uniq_duvessa, uniq_maggie
D:7:      layout_cave_pools, minmay_temple_entry_stoned_glass, uniq_joseph
D:8:      layout_basic, kennysheep_mini, uniq_prince_ribbit1
D:9:      layout_loops_ring, gammafunk_ghost_necromancy, uniq_harold, uniq_pikel
D:10:     layout_long_grid
Temple:   regret_index_temple_sigil_plot

Skill      XL: |  1  2  3  4  5  6  7  8  9 10 |
---------------+-------------------------------+-----
Conjurations   | 2 3 4 5 6 7 |  7.3
Translocations | 1 2 3 4 5 |  5.5
Spellcasting   | 4 5 6 7 |  7.0
Dodging        | 2 3 |  3.8
Air Magic      | 1 2 3 4 |  4.9
Poison Magic   | 1 2 4 5 |  5.9
Stealth        | 2 3 |  3.6
Armour         | 1 2 |  2.4
Summonings     | 2 |  2.8
Fighting       | 2 3 |  3.0
Evocations     | 1 |  1.0
Throwing       | |  0.5
Hexes          | |  0.3

Action                   |  1- 3 |  4- 6 |  7- 9 | 10-12 || total
-------------------------+-------+-------+-------+-------++-------
Melee: Dagger            |    60 |    30 |       |       ||    90
       Trident           |       |     2 |   104 |       ||   106
       Headbutt          |       |     2 |    19 |    11 ||    32
       Spear             |       |       |    51 |    99 ||   150
Throw: Dart              |     9 |    30 |    16 |     4 ||    59
 Cast: Magic Dart        |    98 |   207 |   160 |    34 ||   499
       Call Imp          |     5 |     8 |    22 |     5 ||    40
       Blink             |     1 |     1 |     9 |       ||    11
       Mephitic Cloud    |       |       |    23 |    14 ||    37
       Slow              |       |       |     1 |     1 ||     2
Evoke: Wand              |       |       |     6 |     8 ||    14
  Use: Scroll            |     3 |     2 |     9 |       ||    14
       Potion            |     1 |       |     5 |     3 ||     9
 Stab: Distracted        |       |     1 |       |       ||     1
       Confused          |       |       |     6 |     9 ||    15
Armor: Robe              |    12 |     4 |       |       ||    16
       Leather armour    |       |    27 |    77 |       ||   104
       Skin              |       |       |    34 |    21 ||    55
       Steam dragon scal |       |       |    22 |    36 ||    58
Dodge: Dodged            |    56 |    60 |   157 |    57 ||   330

Table legend: (Time is in decaauts)
 A = Elapsed time spent in this place.
 B = Non-inter-level travel time spent in this place.
 C = Inter-level travel time spent in this place.
 D = Time resting spent in this place.
 E = Time spent auto-exploring this place.
 F = Levels seen in this place.
 G = Mean time per level.
                   A        B        C        D        E       F      G
               +--------+--------+--------+--------+--------+-----+--------+
         Total |  12876 |  12565 |    311 |   2721 |   7452 |  12 | 1073.0 |
       Dungeon |  11777 |  11506 |    271 |   2494 |   6860 |  10 | 1177.7 |
        Temple |    348 |    308 |     40 |      0 |    249 |   1 |  348.0 |
         Sewer |    750 |    750 |      0 |    227 |    343 |   1 |  750.0 |
               +--------+--------+--------+--------+--------+-----+--------+

Top non-repeatable levels by time:
     D:6: 1922 daAuts
     D:9: 1896 daAuts
     D:1: 1584 daAuts
     D:3: 1336 daAuts
     D:7: 1206 daAuts
     D:8: 1172 daAuts
     D:2: 1107 daAuts
     D:4: 1075 daAuts
   Sewer: 750 daAuts
    D:10: 440 daAuts
  Temple: 348 daAuts
     D:5: 35 daAuts
